 Dungeon Crawl Stone Soup version 0.29-a0-369-gd956c00756 (webtiles) character file.

Game seed: 8174513211605767518

16916 spaghetti the Geomancer (level 12, -1/104 (141) HPs)
             Began as a Deep Dwarf Conjurer on May 1, 2022.
             Was an Elder of Ru.
             Slain by an orc warrior
             ... wielding a +0 war axe
             ... led by an orc high priest
              (22 damage)
             ... on level 1 of the Orcish Mines on May 2, 2022.
             The game lasted 00:53:17 (18152 turns).

spaghetti the Geomancer (Deep Dwarf Conjurer)      Turns: 18152, Time: 00:53:17

HP:   -1/104 (141)  AC: 31    Str: 11    XL:     12   Next: 14%
MP:   4/22          EV: 12    Int: 36    God:    Ru [****..]
Gold: 450           SH:  0    Dex: 13    Spells: 2/29 levels left

rFire   x . .      SeeInvis .   v - +3 whip (vamp) {mace}
rCold   x . .      Faith    +   (no shield)
rNeg    + . .      Spirit   .   (body armour currently unavailable)
rPois   ∞          Reflect  .   (helmet restricted)
rElec   +          Harm     .   l - +2 cloak
rCorr   .          Rampage  .   (gloves currently unavailable)
Will    +....                   (boots currently unavailable)
Stlth   ++........              P - amulet of faith {!P}
HPRegen 0.00/turn               F - +6 ring of intelligence
MPRegen 0.18/turn               y - +6 ring of intelligence

@: exhausted, statue-form, wereblooded, overwhelmed with horror, very slightly
contaminated, very heavily drained, unable to drink, very slow
A: slow and powerful, torment resistance 1, boosted hp, damage resistance, heal
wounds, sense surroundings 2, inability to drink while threatened, cowardly,
temperature sensitive, no regeneration, horns 1, agile 1
a: Heal Wounds, End Transformation, Renounce Religion, Draw Out Power, Power
Leap


You were on level 1 of the Orcish Mines.
You worshipped Ru.
Ru was greatly pleased with you.
You were a living statue of rough stone.
You visited 3 branches of the dungeon, and saw 14 of its levels.

You collected 1015 gold pieces.
You spent 565 gold pieces at shops.


Innate Abilities, Weirdness & Mutations

You are a living statue of rough stone.
Your actions are slow, but your melee attacks are powerful.
You are resistant to unholy torment.
Your maximum health is greatly increased.
You are immune to poison.
Your equipment is partially melded.
You are resistant to damage.
You can heal yourself by infusing magical energy.
You passively map the area around you.
You sometimes lose the ability to drink potions when taking damage.
Your cowardice makes you less effective in combat with threatening foes.
You are sensitive to extremes of temperature. (rF-, rC-)
You do not regenerate.
You have a pair of small horns on your head.
You are agile. (Dex +2)


   Skills:
 + Level 7.0 Fighting
 + Level 7.5 Maces & Flails
 - Level 2.1 Dodging
 - Level 2.4 Stealth
 - Level 9.0 Spellcasting
 - Level 7.0 Conjurations
 - Level 1.2 Summonings
 - Level 6.0 Transmutations
 - Level 1.3 Ice Magic
 - Level 12.2 Earth Magic


You had 2 spell levels left.
You knew the following spells:

 Your Spells              Type           Power      Damage    Failure   Level
a - Magic Dart            Conj           100%       1d8       1%          1
b - Searing Ray           Conj           52%        2d6       1%          2
c - Fulminant Prism       Conj/Hex       8%         3d7       6%          4
d - Iskenderun's Mystic   Conj/Tloc      16%        2d5       6%          4
e - Summon Ice Beast      Ice/Summ       10%        N/A       16%         4
f - Statue Form           Tmut/Erth      21%        N/A       10%         6
g - Petrify               Tmut/Erth      32%        N/A       1%          4
h - Wereblood             Tmut           23%        N/A       1%          2

Your spell library contained the following spells:

 Spells                   Type           Power      Damage    Failure   Level
 Sublimation of Blood     Necr           6%         N/A       3%          2
 Dazzling Flash           Conj/Hex       32%        N/A       1%          3
 Frozen Ramparts          Ice            20%        1d4       4%          3
 Ice Form                 Ice/Tmut       17%        N/A       5%          4
 Metabolic Englaciation   Hex/Ice        4%         N/A       47%         5
 Summon Hydra             Summ           5%         N/A       100%        7

Inventory:

Hand Weapons
 b - a +0 long sword {long}
   (You found it on level 1 of the Dungeon)
 s - a +2 dagger of venom {short}
   (You took it off an orc on level 6 of the Dungeon)
 v - a +3 vampiric whip (weapon) {mace}
   (You took it off a kobold on level 8 of the Dungeon)
 B - a +3 dagger {short}
   (You took it off a kobold on level 8 of the Dungeon)
Missiles
 f - 289 stones {throwing}
 h - 27 poisoned darts {throwing}
 j - 8 javelins {throwing}
 I - 2 boomerangs of dispersal {=f!fthrowing}
 J - 5 silver javelins {throwing}
 M - 3 boomerangs {throwing}
Armour
 a - a +1 robe
 k - the +3 leather armour of Qaekh (melded) {rElec}
   (You found it on level 3 of the Dungeon)

   rElec:     It insulates you from electricity.
 l - a +2 cloak (worn)
   (You found it on level 3 of the Dungeon)
 n - +1 fire dragon scales
   (You found it on level 3 of the Dungeon)
 t - a +0 pair of boots (melded)
   (You found it on level 7 of the Dungeon)
 x - a +0 pair of gloves (melded)
   (You found it on level 8 of the Dungeon)
Jewellery
 m - a ring of ice
   (You found it on level 5 of the Dungeon)
 p - a +4 ring of protection
   (You found it on level 5 of the Dungeon)
 u - a ring of flight
   (You took it off an orc on level 7 of the Dungeon)
 w - a ring of ice
   (You found it on level 8 of the Dungeon)
 y - a +6 ring of intelligence (right fist)
   (You found it on level 4 of the Dungeon)
 z - an amulet of the acrobat
   (You found it on level 8 of the Dungeon)
 D - the ring "Linnut" {Wiz Str+7}
   (You found it on level 4 of the Dungeon)

   [ring of wizardry]

   It improves your spell success rate.
   Str:       It affects your strength (+7).
 F - a +6 ring of intelligence (left fist)
   (You found it on level 9 of the Dungeon)
 H - a +4 ring of evasion
   (You took it off an orc wizard on level 11 of the Dungeon)
 K - a +6 ring of strength
   (You found it on level 11 of the Dungeon)
 P - an amulet of faith (around neck) {!P}
   (You found it on level 11 of the Dungeon)
Wands
 q - a wand of digging (2)
   (You took it off Dowan on level 6 of the Dungeon)
 A - a wand of flame (24)
   (You found it on level 8 of the Dungeon)
 O - a wand of polymorph (4)
   (You found it on level 11 of the Dungeon)
Scrolls
 c - 8 scrolls of teleportation {@r4}
 g - a scroll of vulnerability {!r!r}
 i - 2 scrolls of torment {!r}
 E - 2 scrolls of fear
 L - a scroll of identify {@r1}
Potions
 d - 4 potions of attraction {!q}
 e - 2 potions of cancellation
 o - 2 potions of mutation {!q}
 r - 3 potions of haste {@q3}
 C - 2 potions of lignification {!q}
 N - a potion of heal wounds {@q2}

Dungeon Overview and Level Annotations

Branches:
Dungeon (12/15)            Temple (1/1) D:5             Orc (1/2) D:11
   Lair: D:8-11

Altars:
Ashenzari
Cheibriados
Dithmenos
Elyvilon
Fedhas
Gozag
Hepliaklqana
Kikubaaqudgha
Makhleb
Nemelex Xobeh
Okawaru
Qazlal
Ru
Sif Muna
Trog
Uskayaw
Vehumet
Wu Jian
Xom
Yredelemnul
Zin
The Shining One

Shops:
D:7 **:   D:9 !   D:11 =?   Orc:1 *

Annotations:
D:9 exclusions: 5 electric eels and 2 more exclusions

##.........##.#.#.##
..............##...#
...............##.##
..............##..##
..#................##
..............4...).##
..
............o...O#.#*
, ,..>...o.o......# ,
....oT.8.o....## , ,
....o3)h).....#* , ,
...$.4))#......# *
.........#3#..$# ,
......... .##.## ,* ,
, ............ ## ,*
,, ,..........,.. ** ,
........... .. , , ,
*, ,,*


You could see an orc knight, an orc high priest (strong), an orange demon
(summoned), a hellwing (summoned), a troll (corona), a sixfirhy (summoned), a
neqoxec (summoned), a warg, an orc sorcerer (strong), 2 orc warriors, an ogre
and an orc priest (strong).


Message History

You are restored by drawing out deep reserves of power within.
You feel drained.
The orc high priest no longer looks unusually strong.
The warg is stunned by your conviction and fails to attack.
The orc high priest hits you but does no damage.
The orc sorcerer casts a spell.
The orc knight roars a battlecry!
The orcs go into a battle-frenzy!
The troll bites you.
* * * LOW HITPOINT WARNING * * *
The troll barely misses you. The troll claws you but does no damage.
The orc misses you. The warg misses you.
The orc high priest hits you with a +0 flail.
* * * LOW HITPOINT WARNING * * *
The orc warrior closely misses you.
The ogre is engulfed in seething chaos.
The troll bites you!
* * * LOW HITPOINT WARNING * * *
You focus your inner power and blind the troll in retribution!
The troll closely misses you. x2
Monsters!
Monsters everywhere!
You have to get out of here!
Unknown command. 😨 HP[+16] MP[+11]
You now have 104 max hp (-6).
You regained 16 hp, and now have 38/104 hp.
You regained 11 mp, and now have 11/22 mp.
Unknown command.
Unknown command.
Unknown command.
Unknown command.
Unknown command.
Casting: Iskenderun's Mystic Blast (dangerous; 6% risk of failure)
Confirm with . or Enter, or press ? or * to list all spells.
You erupt in a blast of force!
The mystic blast hits the orc warrior.
The mystic blast hits the orc knight but does no damage.
The mystic blast hits the orc sorcerer.
The orc sorcerer is knocked back by the mystic blast.
The mystic blast hits the orange demon!
The orange demon is knocked back by the mystic blast.
The mystic blast hits the orc priest but does no damage.
The mystic blast hits the orc high priest but does no damage.
The mystic blast hits the orc warrior but does no damage.
The mystic blast hits the orc.
You feel a bit better.
You kill the orc!
The mystic blast hits the sixfirhy.
The sixfirhy is knocked back by the mystic blast.
The mystic blast hits the troll.
The troll is knocked back by the mystic blast.
The troll collides with the orc warrior!
The mystic blast hits the warg!
The warg is knocked back by the mystic blast.
The warg collides with the orc priest!
The mystic blast hits the ogre.
The ogre is knocked back by the mystic blast.
The mystic blast hits the orc warrior but does no damage.
You can drink potions again.
The orc warrior no longer looks unusually strong.
The orc warrior is no longer blind.
The sixfirhy hits you.
* * * LOW HITPOINT WARNING * * *
The sixfirhy shocks you. You resist.
The sixfirhy is stunned by your conviction and fails to attack.
The sixfirhy closely misses you.
The orc warrior hits you with a +0 war axe.
* * * LOW HITPOINT WARNING * * *
The sixfirhy hits you but does no damage.
The orc high priest utters an invocation to Beogh.
The warg bites you!
* * * LOW HITPOINT WARNING * * *
The orc warrior barely misses you. x2
The sixfirhy hits you but does no damage.
Monsters!
Monsters everywhere!
You have to get out of here! 😨 HP[-5] MP[-4]
You take 5 damage, and now have 33/104 hp.
You lost 4 mp, and now have 7/22 mp.
Unknown command.
Unknown command.
Casting: Iskenderun's Mystic Blast (dangerous; 6% risk of failure)
Confirm with . or Enter, or press ? or * to list all spells.
You erupt in a blast of force!
The mystic blast hits the hellwing.
The hellwing is knocked back by the mystic blast.
The mystic blast hits the ogre!
The ogre is knocked back by the mystic blast.
The mystic blast hits the orc priest.
The orc priest is knocked back by the mystic blast.
The mystic blast hits the orc high priest.
The orc high priest is knocked back by the mystic blast.
The mystic blast hits the orc warrior but does no damage.
The mystic blast hits the orc warrior.
You feel a bit better.
You kill the orc warrior!
The mystic blast hits the orc knight but does no damage.
The mystic blast hits the sixfirhy!
The sixfirhy is knocked back by the mystic blast.
The mystic blast hits the troll!
The troll is knocked back by the mystic blast.
The troll collides with the orc priest!
The mystic blast hits the warg.
The mystic blast hits the orc warrior.
The orc warrior is knocked back by the mystic blast.
The troll is no longer blind.
The warg completely misses you.
The orc knight hits you with a +0 great sword!
You feel threatened and lose the ability to drink potions!
* * * LOW HITPOINT WARNING * * *
The orc warrior hits you with a +0 war axe!!
You die...

Skill      XL: |  1  2  3  4  5  6  7  8  9 10 11 12 |
---------------+-------------------------------------+-----
Spellcasting   | 2 3 4 5 6 7 8 9 |  9.0
Conjurations   | 4 5 6 7 |  7.0
Summonings     | 1 |  1.2
Ice Magic      | 1 |  1.3
Earth Magic    | 2 9 12 | 12.2
Transmutations | 4 6 |  6.0
Fighting       | 6 7 |  7.0
Maces & Flails | 6 7 |  7.5
Dodging        | |  2.1
Stealth        | |  2.4

Action                   |  1- 3 |  4- 6 |  7- 9 | 10-12 || total
-------------------------+-------+-------+-------+-------++-------
Melee: Unarmed           |    30 |       |       |       ||    30
       Long sword        |    23 |     3 |     5 |       ||    31
       Punch             |     1 |       |       |    13 ||    14
       Dagger            |       |       |    45 |     9 ||    54
       Headbutt          |       |       |     8 |   238 ||   246
       Whip              |       |       |       |   911 ||   911
 Cast: Magic Dart        |    80 |    42 |   104 |    22 ||   248
       Searing Ray       |     5 |    26 |    58 |    11 ||   100
       Fulminant Prism   |       |       |     2 |     4 ||     6
       Statue Form       |       |       |       |    56 ||    56
       Petrify           |       |       |       |    46 ||    46
       Summon Ice Beast  |       |       |       |     5 ||     5
       Iskenderun's Myst |       |       |       |     8 ||     8
       Wereblood         |       |       |       |     8 ||     8
Invok: Sacrifice Drink   |       |       |     1 |       ||     1
       Draw Out Power    |       |       |       |    24 ||    24
       Sacrifice Resista |       |       |       |     1 ||     1
       Sacrifice Courage |       |       |       |     1 ||     1
 Abil: Heal Wounds       |     1 |       |     7 |     2 ||    10
Evoke: Wand              |       |       |     2 |     6 ||     8
  Use: Potion            |     2 |     3 |     3 |     2 ||    10
       Scroll            |     5 |     2 |    13 |     8 ||    28
 Stab: Sleeping          |     1 |       |       |       ||     1
       Petrified         |       |       |       |   106 ||   106
       Petrifying        |       |       |       |     4 ||     4
       Invisible         |       |       |       |     2 ||     2
Armor: Robe              |     8 |     1 |       |       ||     9
       Leather armour    |       |     7 |    67 |    95 ||   169
       Skin              |       |       |    60 |   997 ||  1057
Dodge: Dodged            |    53 |    17 |    97 |   939 ||  1106

Levels and vault maps discovered:
D:1:      minmay_arrival_stair_chambers, layout_rooms, serial_glass,
          glass_columns_c, glass_columns_b, glass_columns_b, glass_columns_a,
          glass_columns_a, glass_columns_a, glass_columns_a, glass_columns_c,
          glass_columns_b, glass_columns_a
D:2:      minmay_alternating_diamond, layout_basic,
          shapermc_ecumenical_altar_notcrosses
D:3:      layout_basic, kennysheep_generic_room_13
D:4:      layout_basic, lightli_ossuary_entry_decrepit_ruins,
          serial_bayou_lagoon_a, moated_statue
D:5:      layout_layer_cave, grunt_dithmenos_smoke_and_mirrors,
          minmay_temple_entry_gardened_gates
D:6:      layout_cave_pools, mainiacjoe_overflow_small_starburst,
          mainiacjoe_overflow_concentric_impassable, uniq_duvessa
D:7:      layout_basic, mainiacjoe_overflow_brackets, serial_shops,
          nicolae_shop_behind_doors, nicolae_elemental_shop,
          nicolae_shop_sticking_my_neck_out, uniq_crazy_yiuf_cottage
D:8:      minmay_the_grid_triangle_9x9_rhombus_thin
          [minmay_the_grid_triangle_9x9_semitri,
          minmay_the_grid_triangle_9x9_prize_schism,
          minmay_the_grid_triangle_9x9_windchime,
          minmay_the_grid_triangle_9x9_empty], layout_rooms, tso_oasis_becter,
          fedhas_altar_1, serial_shops, shop_fountains
D:9:      layout_long_grid, erik_lair_island, serial_shops,
          kennysheep_little_box, chequers_serial_rivers_small_a,
          nicolae_benzene_ring
D:10:     layout_basic
D:11:     nzn_winding_woodlands_medium [nzn_winding_woodlands_5x5_three,
          nzn_winding_woodlands_5x15_zeroes,
          nzn_winding_woodlands_5x5_perimeter, nzn_winding_woodlands_5x5_cross,
          nzn_winding_woodlands_center_pierced_h,
          nzn_winding_woodlands_5x5_open_star,
          nzn_winding_woodlands_5x5_closed_star,
          nzn_winding_woodlands_5x15_concentric,
          nzn_winding_woodlands_5x5_checkerboard], layout_stronghold,
          hiddenorc2_lemuel, serial_shops, shop_fountains, shop,
          nicolae_square_shop, grunt_ministairs_12
D:12:     layout_cave_pools, nicolae_trove_entry_crystal, nicolae_shop_self_help
Temple:   regret_index_temple_sphere_string
Orc:1:    layout_caves, serial_shops, nicolae_shop_overgrown_old_shop

Notes
Turn   | Place    | Note
-------+----------+-------------------------------------------
     0 | D:1      | spaghetti the Deep Dwarf Conjurer began the quest for the
                  | Orb.
     0 | D:1      | Reached XP level 1. HP: 15/15 MP: 3/3
     0 | D:1      | magus.rc [v1.9.6]
   129 | D:1      | Reached skill level 2 in Spellcasting
   183 | D:1      | Reached XP level 2. HP: 10/22 MP: 1/5
  1001 | D:2      | Reached XP level 3. HP: 28/28 MP: 1/7
  1115 | D:2      | Reached skill level 4 in Conjurations
  1118 | D:2      | Learned a level 2 spell: Searing Ray
  1509 | D:2      | Reached skill level 3 in Spellcasting
  1679 | D:2      | Found a faded altar of an unknown god.
  1823 | D:2      | Reached XP level 4. HP: 32/36 MP: 1/8
  2957 | D:3      | Identified the +3 leather armour of Qaekh {rElec}
  3884 | D:4      | You fall into a shaft and drop 1 floor!
  3884 | D:5      | Entered Level 5 of the Dungeon
  3884 | D:5      | Found a shadowy altar of Dithmenos.
  3948 | D:5      | Reached XP level 5. HP: 34/42 MP: 5/10
  4097 | D:5      | Reached skill level 4 in Spellcasting
  4395 | D:5      | Noticed an ogre
  4427 | D:5      | Killed an ogre
  4428 | D:5      | Reached XP level 6. HP: 20/49 MP: 4/13
  4437 | D:5      | Reached skill level 5 in Conjurations
  4537 | D:5      | Found a staircase to the Ecumenical Temple.
  4545 | Temple   | Entered the Ecumenical Temple
  4739 | D:5      | Reached skill level 5 in Spellcasting
  5529 | D:5      | Reached XP level 7. HP: 39/55 MP: 8/15
  6120 | D:6      | Noticed Duvessa
  6122 | D:6      | Noticed Dowan
  6151 | D:6      | Killed Duvessa
  6362 | D:6      | Killed Dowan
  6440 | D:6      | Found a sacrificial altar of Ru.
  6709 | D:6      | Gained mutation: You are agile. (Dex +2) [potion of
                  | mutation]
  6709 | D:6      | Gained mutation: You have a pair of small horns on your
                  | head. [potion of mutation]
  6715 | D:6      | HP: 9/55 [orc priest/divine providence (12)]
  6717 | D:6      | Reached skill level 6 in Spellcasting
  7082 | D:7      | You pick up a book of Rime and begin reading...
  7082 | D:7      | You add the spells Frozen Ramparts, Ice Form and Summon Ice
                  | Beast to your library.
  7100 | D:7      | Reached skill level 6 in Conjurations
  7246 | D:7      | Learned a level 4 spell: Fulminant Prism
  7251 | D:7      | Learned a level 4 spell: Iskenderun's Mystic Blast
  7273 | D:7      | Reached XP level 8. HP: 39/62 MP: 3/17
  7563 | D:7      | Found Meocan's Elemental Accessories.
  7966 | D:7      | Found Imeumif's Neck Hole.
  7972 | D:7      | Bought a +1 cloak for 161 gold pieces
  8006 | D:7      | Reached skill level 7 in Spellcasting
  8359 | D:7      | Found a stormy altar of Qazlal.
  8465 | D:7      | Found a runed translucent door.
  8466 | D:7      | Noticed Crazy Yiuf
  8625 | D:8      | Found Vonemapli's General Store.
  8637 | D:8      | Found a blossoming altar of Fedhas.
  8660 | D:8      | Learned a level 4 spell: Summon Ice Beast
  8835 | D:6      | Reached skill level 1 in Summonings
  8835 | D:6      | Reached skill level 1 in Ice Magic
  8858 | D:6      | Became a worshipper of Ru the Awakened
  9031 | D:6      | Found a hide-covered altar of Uskayaw.
  9095 | D:6      | You pick up a book of Sloth and begin reading...
  9095 | D:6      | You add the spells Petrify, Metabolic Englaciation and
                  | Statue Form to your library.
  9169 | D:6      | Reached skill level 1 in Earth Magic
  9849 | D:7      | Found Runeta's Book Shop.
  9982 | D:8      | Found a glowing golden altar of the Shining One.
 10228 | D:8      | Reached skill level 2 in Earth Magic
 10242 | D:8      | Gained mutation: You passively map the area around you.
                  | [Deep Dwarf growth]
 10242 | D:8      | Reached XP level 9. HP: 52/68 MP: 14/20
 10249 | D:8      | Learned a level 6 spell: Statue Form
 10274 | D:8      | Reached skill level 8 in Spellcasting
 10274 | D:8      | Reached skill level 7 in Conjurations
 10274 | D:8      | Reached skill level 1 in Transmutations
 10308 | D:8      | Reached skill level 3 in Earth Magic
 10427 | D:8      | Noticed a centaur warrior
 10429 | D:8      | HP: 12/68 [centaur warrior/arrow (20)]
 10573 | D:8      | Reached skill level 4 in Earth Magic
 10577 | D:8      | Reached skill level 2 in Transmutations
 10587 | D:8      | HP: 11/102 [centaur warrior/arrow (23)]
 10587 | D:8      | HP: 1/102 [centaur warrior/arrow (10)]
 10611 | D:8      | Reached skill level 5 in Earth Magic
 10619 | D:8      | Killed a centaur warrior
 10620 | D:8      | Reached skill level 3 in Transmutations
 10620 | D:8      | Reached skill level 7 in Earth Magic
 10659 | D:8      | Noticed a two-headed ogre
 10769 | D:9      | Noticed a two-headed ogre
 10884 | D:9      | Noticed a centaur warrior
 10896 | D:9      | Killed a centaur warrior
 10897 | D:9      | Reached skill level 4 in Transmutations
 10897 | D:9      | Reached skill level 9 in Earth Magic
 10999 | D:9      | Noticed a troll
 11007 | D:9      | Gained mutation: You sometimes lose the ability to drink
                  | potions when taking damage. [Ru sacrifice]
 11007 | D:9      | Reached * piety under Ru
 11015 | D:9      | Killed a troll
 11016 | D:9      | Reached XP level 10. HP: 38/75 MP: 10/20
 11028 | D:9      | Learned a level 4 spell: Petrify
 11230 | D:10     | Entered Level 10 of the Dungeon
 11296 | D:10     | Reached skill level 10 in Earth Magic
 11571 | D:10     | HP: 11/75 [centaur/arrow (9)]
 11781 | D:10     | Noticed a two-headed ogre
 11794 | D:10     | Killed a two-headed ogre
 11795 | D:10     | Reached skill level 5 in Transmutations
 11950 | D:9      | Reached skill level 11 in Earth Magic
 11959 | D:9      | Noticed a two-headed ogre
 12005 | D:9      | Killed a two-headed ogre
 12026 | D:8      | Killed a two-headed ogre
 12027 | D:8      | Reached skill level 12 in Earth Magic
 12163 | D:8      | Reached skill level 6 in Transmutations
 12221 | D:7      | Bought a book of Blood for 308 gold pieces
 12221 | D:7      | You pick up a book of Blood and begin reading...
 12221 | D:7      | You add the spells Sublimation of Blood, Wereblood and
                  | Summon Hydra to your library.
 12355 | D:4      | HP: 18/75 [something (2)]
 12803 | D:4      | Identified the ring "Linnut" {Wiz Str+7}
 14039 | D:7      | Killed Crazy Yiuf
 14179 | D:8      | Noticed a boulder beetle
 14180 | D:8      | Noticed a deep elf pyromancer
 14183 | D:8      | Noticed a four-headed hydra
 14189 | D:8      | Identified the +4 robe "Myun" {rN+}
 14189 | D:8      | Noticed a deep elf pyromancer
 14424 | D:9      | HP: 23/97 [electric eel/bolt of electricity (1)]
 14469 | D:9      | Found Mentas's Distillery.
 14475 | D:9      | Bought a potion of curing for 48 gold pieces
 14475 | D:9      | Bought a potion of curing for 48 gold pieces
 14693 | D:9      | Killed a two-headed ogre
 14740 | D:10     | Reached XP level 11. HP: 68/81 MP: 20/20
 14744 | D:10     | Gained mutation: You are sensitive to extremes of
                  | temperature. (rF-, rC-) [Ru sacrifice]
 14744 | D:10     | Reached ** piety under Ru
 14744 | D:10     | Reached *** piety under Ru
 14760 | D:10     | Reached skill level 9 in Spellcasting
 14774 | D:10     | Learned a level 2 spell: Wereblood
 14958 | D:10     | Reached skill level 1 in Fighting
 15288 | D:11     | Found Qaen's Weapon Emporium.
 15310 | D:11     | Reached skill level 1 in Maces & Flails
 15383 | D:11     | Found Xetzawio's Jewellery Shoppe.
 15488 | D:11     | Reached skill level 2 in Fighting
 15488 | D:11     | Reached skill level 2 in Maces & Flails
 15682 | D:11     | Noticed an eight-headed hydra
 15697 | D:11     | Killed an eight-headed hydra
 15698 | D:11     | Reached skill level 3 in Fighting
 15698 | D:11     | Reached skill level 3 in Maces & Flails
 15969 | D:11     | Reached skill level 4 in Maces & Flails
 16001 | D:11     | Reached skill level 4 in Fighting
 16155 | D:11     | Noticed a boulder beetle
 16211 | D:11     | Killed a boulder beetle
 16304 | D:11     | Reached skill level 5 in Maces & Flails
 16349 | D:11     | Reached skill level 5 in Fighting
 16427 | D:11     | Reached skill level 6 in Maces & Flails
 16483 | D:11     | HP: 28/113 [orc warrior/+0 dire flail (8)]
 16487 | D:11     | Noticed a two-headed ogre
 16502 | D:11     | Killed a two-headed ogre
 16503 | D:11     | Reached skill level 6 in Fighting
 16724 | D:11     | Found a staircase to the Orcish Mines.
 17263 | D:11     | Noticed a centaur warrior
 17277 | D:11     | Killed a centaur warrior
 17278 | D:11     | Reached XP level 12. HP: 94/96 MP: 17/22
 17348 | D:11     | Gained mutation: Your cowardice makes you less effective in
                  | combat with threatening foes. [Ru sacrifice]
 17348 | D:11     | Reached **** piety under Ru
 17463 | D:11     | Found Petahe's Magic Scroll Shoppe.
 17471 | D:11     | Reached skill level 7 in Maces & Flails
 17635 | D:12     | Noticed an eight-headed hydra
 17664 | D:12     | HP: 21/111 [eight-headed hydra (9)]
 17669 | D:12     | Killed an eight-headed hydra
 17851 | D:11     | magus.rc [v1.9.6]
 17877 | Orc:1    | Entered Level 1 of the Orcish Mines
 17877 | Orc:1    | Found Oseosi's Assorted Antiques.
 17964 | Orc:1    | Reached skill level 7 in Fighting
 18132 | Orc:1    | Noticed an orc high priest
 18149 | Orc:1    | HP: 22/110 [orc priest/divine providence (8)]
 18152 | Orc:1    | Slain by an orc warrior

Vanquished Creatures
  A hydra (D:12)
  A boulder beetle (D:11)
  3 centaur warriors
  4 two-headed ogres
  An ugly thing (D:12)
  A manticore (D:11)
  2 cyclopes (D:11)
  An unseen horror (D:11)
  A komodo dragon (D:12)
  2 kobold demonologists (D:11)
  3 trolls
  A hornet (D:8)
  A centaur simulacrum (D:11)
  3 wraiths
  A vampire (D:11)
  9 yaks (D:11)
  3 wyverns
  3 vampire mosquitoes
  An acid dragon (D:11)
  2 water moccasins
  Duvessa (D:6)
  An ice beast (D:8)
  3 black bears
  7 orc warriors
  3 ogres
  2 wolves (D:9)
  2 centaurs
  4 kobold brigands
  6 scorpions
  3 bullfrogs
  2 necrophages
  3 gnoll sergeants
  Dowan (D:6)
  8 killer bees
  2 howler monkeys
  5 hounds
  2 jellies (D:5)
  Crazy Yiuf (D:7)
  7 orc priests
  4 iguanas
  11 orc wizards
  A nameless horror (D:11)
  8 adders
  4 gnolls (D:10)
  2 shadow imps
  A white imp (D:6)
  An ufetubus (D:4)
  4 worms
  A dart slug (D:1)
  81 orcs
  9 endoplasms
  5 giant cockroaches
  8 hobgoblins
  15 kobolds
  4 quokkas
  7 ball pythons
  10 bats
  3 frilled lizards
  2 goblins
  6 rats
294 creatures vanquished.

Vanquished Creatures (collateral kills)
  A cyclops (D:11)
1 creature vanquished.

Vanquished Creatures (others)
  A hydra (D:11)
  A two-headed ogre (D:8)
  An unseen horror (D:11)
  2 wraiths (D:11)
  An acid dragon (D:11)
  An ogre (Orc:1)
  A wolf (D:9)
  An orc (D:11)
  6 fulminant prisms
15 creatures vanquished.

Grand Total: 310 creatures vanquished

Table legend:
 A = Non-vault XP
 B = Vault XP
 C = Vault XP percentage of total XP
 D = Non-vault monster count
 E = Vault monster count
 F = Vault count percentage of total count
                 A         B        C        D         E       F
            +---------+---------+-------+---------+---------+-------
      Total |   14817 |    9480 |  39.0 |     223 |      79 |  26.2
            +---------+---------+-------+---------+---------+-------
        D:1 |      39 |       0 |   0.0 |      22 |       0 |   0.0
        D:2 |      64 |      32 |  33.3 |      19 |       6 |  24.0
        D:3 |      37 |       0 |   0.0 |      12 |       0 |   0.0
        D:4 |     234 |       0 |   0.0 |      25 |       0 |   0.0
        D:5 |     589 |       0 |   0.0 |      13 |       0 |   0.0
        D:6 |     679 |     209 |  23.5 |      19 |       2 |   9.5
        D:7 |     817 |      41 |   4.8 |      18 |       1 |   5.3
        D:8 |     927 |    2065 |  69.0 |      21 |       8 |  27.6
        D:9 |    2975 |     727 |  19.6 |      11 |       7 |  38.9
       D:10 |    2018 |       0 |   0.0 |      29 |       0 |   0.0
       D:11 |    4404 |    6406 |  59.3 |      19 |      55 |  74.3
       D:12 |    1564 |       0 |   0.0 |       3 |       0 |   0.0
      Orc:1 |     470 |       0 |   0.0 |      12 |       0 |   0.0
            +---------+---------+-------+---------+---------+-------

Illustrated notes

Table legend:
 A = Kills in this place as a percentage of kills in entire the game.
 B = Kills by you in this place as a percentage of kills by you in the entire game.
 C = Kills by friends in this place as a percentage of kills by friends in the entire game.
 D = Other kills in this place as a percentage of other kills in the entire game.
 E = Experience gained in this place as a percentage of experience gained in the entire game.
 F = Experience gained in this place divided by the number of levels of this place that you have seen.
                   A       B       C       D       E      F
               +-------+-------+-------+-------+-------+----------------------
         Total | 100.0 | 100.0 | 100.0 | 100.0 | 100.0 | 1735.5
       Dungeon |  96.0 |  95.9 | 100.0 | 100.0 |  98.1 | 1985.6
  Orcish Mines |   4.0 |   4.1 |   0.0 |   0.0 |   1.9 | 470.0
               +-------+-------+-------+-------+-------+----------------------

Table legend: (Time is in decaauts)
 A = Elapsed time spent in this place.
 B = Non-inter-level travel time spent in this place.
 C = Inter-level travel time spent in this place.
 D = Time resting spent in this place.
 E = Time spent auto-exploring this place.
 F = Levels seen in this place.
 G = Mean time per level.
                   A        B        C        D        E       F      G
               +--------+--------+--------+--------+--------+-----+--------+
         Total |  19479 |  18698 |    781 |   4446 |  10620 |  14 | 1391.4 |
       Dungeon |  18979 |  18227 |    752 |   4446 |  10240 |  12 | 1581.6 |
        Temple |    157 |    129 |     28 |      0 |    116 |   1 |  157.0 |
  Orcish Mines |    342 |    341 |      1 |      0 |    264 |   1 |  342.0 |
               +--------+--------+--------+--------+--------+-----+--------+

Top non-repeatable levels by time:
    D:11: 2993 daAuts
     D:5: 2386 daAuts
     D:7: 2236 daAuts
     D:2: 1678 daAuts
     D:4: 1661 daAuts
     D:8: 1643 daAuts
    D:10: 1421 daAuts
     D:6: 1323 daAuts
     D:9: 1277 daAuts
     D:3: 1133 daAuts
     D:1: 1081 daAuts
   Orc:1: 342 daAuts
  Temple: 157 daAuts
    D:12: 140 daAuts
